cohdb
Replays
Latest Replays
All Replays
Popular Replays
Top Player Replays
Match Explorer
How It Works
Community
CoH3 Stats
Reddit
Sign in to upload your games and track your stats! →
Sign in with Steam
Match 42174319
Unlisted
Match 42174319
Overview
Messages
Build Orders
End
Scout Squad
Construct Weapon Support Center
Selects Heavy Weapons
M1919 Machine Gun Team
Sniper
Infantry Support Center
M1919 Machine Gun Team
M3 Armored Personnel Carrier
Selects Assault Carriers
Construct Medical Station
Bazooka Squad
Engineer Squad
M3 Assault Carrier
Selects Exchangeable Parts
Selects Exchangeable Parts
M3 Assault Carrier
Bazooka Squad
Engineer Squad
Improved M9 Bazooka Rockets
Construct Tank Depot
Scout Squad
Captain Retinue
Scout Squad
Selects M26 Pershing Heavy Tank
M26 Pershing Heavy Tank
Captain Retinue
Selects M2HB .50cal Heavy Machine Gun
Scout Squad
Construct Tank Depot
Engineer Squad
M4A1 Sherman Medium Tank
Scout Squad
Auteeno_Manzano
Nubbl0r
0
0
Comments
sign in to comment!
No comments posted yet!